AoeStats
← Leroy's Death

Oasis

509231079Analyzed
4v4 RM · 7d ago on Sep 26, 2026· 92m 9s· 8 players
Game mode
Random Map
Map size
Large (8 player)
Population
200
Speed
Normal
Resources
Standard
Victory
Conquest
Starting age
Dark Age
Ending age
Imperial Age
RankedLock teamsTeams togetherTeam positionsShared explorationLock speedFull tech treeHidden civsTurbo modeCheats
Victory
Defeat
🇺🇸 Varangians · United States
1097
+14
🇦🇷 Bohemians · Argentina
1093
+14
🇨🇳 Magyars · China
1085
+15
🇺🇸 Teutons · United States
1073
+15
🇺🇸 Saxons · United States
1080
-15
🇺🇸 Danes · United States
1071
-15
🇺🇸 Poles · United States
1031
-14
🇺🇸 Celts · United States
1030
-14
Admiral Ravioli
1:31 Loom
14:32 Feudal Age
15:31 Town Watch
15:32 Horse Collar
15:38 Double-Bit Axe
19:23 Fletching
22:01 Castle Age
23:02 Scale Mail Armor
31:51 Heavy Plow
32:06 Bow Saw
37:36 Wheelbarrow
37:25 Stone Mining
39:43 Gold Mining
40:09 Squires
39:54 Arson
40:27 Chain Mail Armor
40:22 Forging
42:09 Fortified Wall
42:10 Masonry
42:55 Hand Cart
46:37 Imperial Age
44:31 Town Patrol
45:32 Gambesons
46:26 Iron Casting
47:46 Conscription
47:00 Elite Varangian Guard
48:34 Plate Mail Armor
52:45 Two-Man Saw
53:47 Architecture
58:02 Shield Wall
65:32 Gold Shaft Mining
65:29 Crop Rotation
68:22 Pikeman
72:52 Halberdier
85:21 Caravan
aSweatyClown
10:54 Feudal Age
10:16 Loom
11:29 Double-Bit Axe
11:26 Horse Collar
17:05 Castle Age
18:58 Bow Saw
18:54 Scale Mail Armor
19:07 Heavy Plow
21:04 Gold Mining
22:08 Chain Mail Armor
23:45 Gold Shaft Mining
23:00 Stone Mining
24:52 Wheelbarrow
24:57 Forging
27:59 Squires
29:35 Hand Cart
34:56 Imperial Age
33:57 Iron Casting
34:35 Fletching
35:28 Ballistics
35:04 Murder Holes
35:21 Masonry
34:56 Onager
36:16 Conscription
35:18 Hamask
36:53 Siege Onager
37:09 Pikeman
38:22 Plate Mail Armor
38:52 Blast Furnace
38:05 Bodkin Arrow
37:40 Halberdier
38:41 Siege Onager
39:20 Northmen's Fury
42:23 Chemistry
41:28 Arson
44:43 Caravan
45:43 Siege Engineers
52:33 Elite Varangian Guard
60:00 Bracer
Leroy's Death
9:24 Loom
11:28 Feudal Age
12:36 Horse Collar
12:43 Double-Bit Axe
19:20 Castle Age
18:44 Stone Mining
20:41 Stone Shaft Mining
20:18 Bow Saw
20:11 Heavy Plow
21:05 Bloodlines
21:39 Husbandry
22:28 Scale Barding Armor
23:36 Chain Barding Armor
25:45 Forging
27:48 Wheelbarrow
32:43 Imperial Age
31:58 Hand Cart
32:01 Town Watch
33:02 Iron Casting
32:20 Fletching
33:45 Ballistics
33:36 Szlachta Privileges
33:33 Gold Mining
34:02 Masonry
34:41 Crop Rotation
35:34 Blast Furnace
37:16 Chemistry
37:18 Bodkin Arrow
38:14 Cavalier
39:36 Bracer
39:24 Treadmill Crane
40:32 Conscription
41:11 Murder Holes
41:22 Town Patrol
44:06 Hoardings
45:27 Fortified Wall
47:35 Light Cavalry
48:14 Elite Obuch
53:05 Coinage
52:13 Winged Hussar
53:08 Scale Mail Armor
53:11 Squires
52:57 Arson
54:49 Banking
54:21 Caravan
55:21 Chain Mail Armor
64:26 Pikeman
65:40 Plate Mail Armor
66:51 Man-at-Arms
SNeuenfeldt
4:30 Loom
12:19 Feudal Age
13:06 Double-Bit Axe
14:17 Horse Collar
18:58 Forging
21:07 Castle Age
19:06 Man-at-Arms
20:54 Forging
21:32 Scale Mail Armor
24:38 Bow Saw
24:23 Fletching
24:00 Long Swordsman
24:56 Town Watch
25:11 Gold Mining
26:47 Arson
27:24 Gambesons
29:25 Wheelbarrow
33:07 Stronghold
33:17 Bodkin Arrow
36:07 Pikeman
37:12 Fortified Wall
36:58 Murder Holes
37:55 Chain Mail Armor
42:23 Imperial Age
40:09 Hand Cart
40:49 Iron Casting
40:36 Caravan
43:13 Onager
44:33 Conscription
46:05 Blast Furnace
45:57 Plate Mail Armor
47:02 Furor Celtica
46:26 Capped Ram
49:06 Chemistry
48:02 Halberdier
52:14 Siege Ram
53:49 Gold Shaft Mining
53:23 Heavy Plow
57:16 Elite Woad Raider
57:52 Two-Handed Swordsman
60:11 Champion
86:23 Heavy Scorpion
cricket62
4:38 Loom
12:28 Feudal Age
18:01 Castle Age
27:03 Wheelbarrow
28:59 Gold Mining
30:43 Horse Collar
30:50 Double-Bit Axe
30:53 Town Watch
32:50 Bow Saw
33:08 Stone Mining
34:02 Hand Cart
37:49 Imperial Age
35:54 Scale Barding Armor
36:04 Forging
37:01 Chain Barding Armor
37:02 Bloodlines
37:07 Fletching
38:39 Stone Shaft Mining
38:43 Iron Casting
38:25 Masonry
38:54 Conscription
39:22 Plate Barding Armor
39:50 Two-Man Saw
39:13 Heavy Plow
38:38 Cavalier
39:39 Caravan
41:26 Blast Furnace
40:31 Paladin
41:42 Scale Mail Armor
43:34 Town Patrol
44:18 Chain Mail Armor
43:29 Pikeman
44:41 Gambesons
48:34 Plate Mail Armor
49:02 Fortified Wall
48:58 Siege Engineers
50:36 Halberdier
57:37 Bodkin Arrow
60:01 Arson
60:16 Squires
62:45 Ironclad
63:14 Capped Ram
74:09 Padded Archer Armor
80:27 Elite Teutonic Knight
DoughBoy
4:45 Loom
9:29 Loom
11:36 Feudal Age
17:33 Castle Age
16:46 Bloodlines
20:08 Double-Bit Axe
20:08 Horse Collar
24:37 Forging
24:33 Scale Barding Armor
28:14 Wheelbarrow
29:42 Bow Saw
32:40 Vendel Legacy
37:35 Imperial Age
35:44 Husbandry
36:48 Hand Cart
36:38 Heavy Plow
37:07 Chain Barding Armor
37:22 Iron Casting
39:30 Conscription
38:36 Cavalier
39:58 Iron Casting
41:05 Elite Jarl
42:26 Plate Barding Armor
42:08 Caravan
43:07 Light Cavalry
46:16 Blast Furnace
45:07 Fletching
45:42 Hussar
47:12 Town Watch
guilleaacevedo
12:58 Feudal Age
14:37 Wheelbarrow
13:44 Horse Collar
14:08 Double-Bit Axe
21:18 Castle Age
21:22 Pikeman
22:03 Squires
22:19 Hand Cart
25:12 Fletching
31:54 Masonry
35:36 Ballistics
40:45 Chemistry
41:53 Caravan
43:55 Bodkin Arrow
44:00 Padded Archer Armor
46:58 Imperial Age
44:57 Wagenburg Tactics
46:45 Husbandry
46:11 Light Cavalry
47:02 Houfnice
51:50 Siege Engineers
52:16 Architecture
53:06 Elite Skirmisher
53:51 Bracer
54:08 Leather Archer Armor
62:20 Forging
62:15 Scale Barding Armor
70:54 Heavy Plow
71:32 Elite Hussite Wagon
73:10 Halberdier
80:57 Bow Saw
82:54 Iron Casting
2026
0:28 Loom
11:32 Feudal Age
16:19 Castle Age
14:36 Horse Collar
29:30 Imperial Age
27:06 Corvinian Army
28:00 Town Watch
28:48 Ballistics
32:52 Bloodlines
34:23 Scale Barding Armor
35:01 Wheelbarrow
34:32 Heavy Plow
35:39 Chain Barding Armor
36:27 Husbandry
41:27 Plate Barding Armor
40:44 Fletching
41:03 Murder Holes
42:12 Double-Bit Axe
43:58 Bodkin Arrow
43:49 Treadmill Crane
45:40 Bow Saw
45:50 Elite Magyar Huszar
46:54 Hand Cart
53:55 Bracer
53:52 Gold Mining
57:55 Pikeman
58:37 Scale Mail Armor
59:30 Coinage
60:48 Banking
62:03 Town Patrol
63:52 Two-Man Saw
64:36 Fervor
65:17 Chain Mail Armor
65:03 Padded Archer Armor
64:26 Halberdier
64:53 Arson
64:32 Elite Skirmisher
66:18 Chemistry
67:23 Hoardings
70:15 Light Cavalry
72:02 Leather Archer Armor
72:24 Crop Rotation
72:30 Hussar
74:37 Ring Archer Armor
84:15 Capped Ram
85:38 Masonry
91:22 Stone Mining
92:08 Gold Shaft Mining
Connection lost

Rejoining the realm…

Still unreachable

The connection could not be restored.

Session expired

The server has moved on; the page needs a fresh start.